[Event "*** Titled Tuesday Blitz"]
[Site "Chess.com"]
[Date "2021.02.02"]
[Round "1"]
[White "DenisQ"]
[Black "Pikachess999"]
[Result "1-0"]
[WhiteElo "2662"]
[BlackElo "2355"]
[TimeControl "180+1"]
[EndTime "10:01:47 PST"]
[Termination "DenisQ won by resignation"]

1. Nf3 d5 2. g3 g6 3. Bg2 Bg7 4.
O-O e5 5. d3 Ne7 6. c4 O-O 7.
cxd5 Nxd5 8. Nc3 Be6 9. Ng5 Nxc3 10. Nxe6 Nxd1 11. Nxd8 Rxd8 12. Bxb7 Nd7 13. Bxa8 Nxf2 14. Bf3 1-0

[Event "*** Titled Tuesday Blitz"]
[Site "Chess.com"]
[Date "2021.02.02"]
[Round "1"]
[White "ChessWarrior3"]
[Black "Gnechko_Ruslan"]
[Result "0-1"]
[WhiteElo "2114"]
[BlackElo "2506"]
[TimeControl "180+1"]
[EndTime "10:01:58 PST"]
[Termination "Gnechko_Ruslan won by resignation"]

1. e4 c5 2. Nf3 d6 3. d4 cxd4 4. Nxd4 Nf6 5. Nc3 a6 6. f3 e5 7. Nb3 Be6 8. Be3 h5 9. Qd2 Nbd7 10. O-O-O b5 11. Nd5 Bxd5 12. exd5 Nb6 13. Bxb6 Qxb6 14. Na5 g6 15. Nc6 Bh6 0-1

[Event "*** Titled Tuesday Blitz"]
[Site "Chess.com"]
[Date "2021.02.02"]
[Round "1"]
[White "ShimanovAlex"]
[Black "Moon_stone123"]
[Result "1-0"]
[WhiteElo "2828"]
[BlackElo "2426"]
[TimeControl "180+1"]
[EndTime "10:02:21 PST"]
[Termination "ShimanovAlex won by resignation"]

1. e4 c6 2. Nf3 d5 3. d3 dxe4 4. dxe4 Qxd1+ 5. Kxd1 Bg4 6. Be2 Nd7 7. Ne1 Bxe2+ 8.
Kxe2 O-O-O 9. Be3 e5 10. Nd3 b6 11. Nd2 g6 12. Nc4 f6 13. a4 Bh6 14. Nd6+ Kc7 15.
Nf7 Bxe3 16. Kxe3 Ne7 17. Nxh8 Rxh8 18. Rhd1 Nf8 19. c3 Ne6 20. Rd2 h5 21. Rad1 g5 22. Nxe5 Nc5 23. b4 1-0

[Event "*** Titled Tuesday Blitz"]
[Site "Chess.com"]
[Date "2021.02.02"]
[Round "1"]
[White "1977Ivan"]
[Black "MF1966Idrisov"]
[Result "1-0"]
[WhiteElo "2704"]
[BlackElo "2379"]
[TimeControl "180+1"]
[EndTime "10:02:26 PST"]
[Termination "1977Ivan won by resignation"]

1. d4 d6 2. e4 e5 3. Nf3 Bg4 4. dxe5 Bxf3 5. Qxf3 dxe5 6. Bc4 Qe7 7. Qb3 c6 8. Nc3 Nf6 9. Bg5 h6 10. Bxf6 gxf6 11.
O-O-O b6 12. Nb5 cxb5 13. Bxb5+ Nd7 14. Bxd7+ Qxd7 15. Rxd7 Kxd7 16. Qxf7+ Kc6 17. Qd5+ 1-0

[Event "*** Titled Tuesday Blitz"]
[Site "Chess.com"]
[Date "2021.02.02"]
[Round "1"]
[White "sakkikuska"]
[Black "mishanick"]
[Result "0-1"]
[WhiteElo "2454"]
[BlackElo "2878"]
[TimeControl "180+1"]
[EndTime "10:02:29 PST"]
[Termination "mishanick won by resignation"]

1. e4 c5 2. Nf3 d6 3. d4 cxd4 4. Nxd4 Nf6 5. f3 Nc6 6. c4 Qb6 7. Nb3 e6 8. Nc3 Be7 9. Bd3 O-O 10. Qe2 Ne5 11. Be3 Qc7 12. g4 Nxd3+ 13. Qxd3 Nd7 14. h4 Ne5 15. Qe2 Qxc4 16. Qxc4 Nxc4 17. Ke2 Nxb2 18.
Nd2 b6 19. Rab1 Ba6+ 20. Kf2 Nd3+ 21. Kg3 Rac8 22. Ne2 d5 23. exd5 exd5 24. Nd4 Bd6+ 25. f4 Rfe8 0-1

[Event "*** Titled Tuesday Blitz"]
[Site "Chess.com"]
[Date "2021.02.02"]
[Round "1"]
[White "seorobert1971"]
[Black "Arvids_Andrejevs"]
[Result "1-0"]
[WhiteElo "2741"]
[BlackElo "2388"]
[TimeControl "180+1"]
[EndTime "10:02:40 PST"]
[Termination "seorobert1971 won by resignation"]

1. Nf3 d5 2. d4 Nf6 3. c4 dxc4 4.
e3 e6 5. Bxc4 a6 6. O-O b5 7.
Be2 c5 8. b3 Nc6 9. Bb2 Bb7 10.
Nbd2 Be7 11. a4 bxa4 12. Rxa4 O-O 13. Nc4 Nd5 14. Qa1 Ncb4 15. Rd1 Qc7 16. dxc5 Bf6 17. Bxf6 Nxf6 18. Rxb4 1-0

[Event "*** Titled Tuesday Blitz"]
[Site "Chess.com"]
[Date "2021.02.02"]
[Round "1"]
[White "AsadliVugar"]
[Black "Manukyan_Artak"]
[Result "1-0"]
[WhiteElo "2863"]
[BlackElo "2443"]
[TimeControl "180+1"]
[EndTime "10:02:42 PST"]
[Termination "AsadliVugar won by resignation"]

1. e4 c6 2. c4 d5 3. exd5 cxd5 4. cxd5 Nf6 5. Nc3 g6 6. Nf3 Bg7 7. Bc4 O-O 8. O-O Nbd7 9. d3 Nb6 10.
Qb3 Bf5 11. Re1 Rc8 12. Bf4 Nxc4 13. dxc4 Bd3 14. Ne5 Bf5 15. Rad1 Nd7 16. Nxd7 Qxd7 17. h3 h5 18. Be5 Bh6 19. Bd4 a6 20. c5 Rfe8 21. Na4 Rcd8 22. Nb6 Qc7 23. d6 exd6 24. Rxe8+ Rxe8 25. Nd5 Qd8 26. Nf6+ 1-0

[Event "*** Titled Tuesday Blitz"]
[Site "Chess.com"]
[Date "2021.02.02"]
[Round "1"]
[White "Mbneu"]
[Black "TregubovP"]
[Result "0-1"]
[WhiteElo "2278"]
[BlackElo "2581"]
[TimeControl "180+1"]
[EndTime "10:02:45 PST"]
[Termination "TregubovP won by resignation"]

1. d4 Nf6 2. c4 e6 3. Nc3 Bb4 4.
Bg5 c5 5. d5 d6 6. e3 exd5 7. cxd5 Nbd7 8. Bb5 h6 9. Bxf6 Qxf6 10. Ne2 a6 11. Bxd7+ Bxd7 12. O-O O-O 13. a3 Ba5 14.
Nf4 Rfe8 15. Qb3 b5 16. Rfe1 c4 17. Qc2 Re7 18. Nfe2 Rae8 19. Nd4 Qxd4 0-1

[Event "*** Titled Tuesday Blitz"]
[Site "Chess.com"]
[Date "2021.02.02"]
[Round "1"]
[White "Kildepiotr"]
[Black "BJthechessgod"]
[Result "1-0"]
[WhiteElo "2605"]
[BlackElo "2306"]
[TimeControl "180+1"]
[EndTime "10:02:51 PST"]
[Termination "Kildepiotr won by resignation"]

1. Nf3 c5 2. g3 Nc6 3. Bg2 g6 4. O-O Bg7 5. c3 d6 6. d4 cxd4 7. cxd4 Nf6 8. Nc3 O-O 9. e4 d5 10. e5 Ne4 11. Be3 Nxc3 12. bxc3 Na5 13. Nd2 Be6 14. Rb1 Rc8 15. Qc2 Bf5 16. Qa4 Bxb1 17. Rxb1 Rxc3 18. Rb5 Nc4 19. Rxd5 Qc7 20. Rc5 Rc1+ 21. Nf1 Qb8 22. Bxc1 Rc8 23. Rxc4 1-0

[Event "*** Titled Tuesday Blitz"]
[Site "Chess.com"]
[Date "2021.02.02"]
[Round "1"]
[White "realmadridtv"]
[Black "SaraciNderim"]
[Result "0-1"]
[WhiteElo "2419"]
[BlackElo "2816"]
[TimeControl "180+1"]
[EndTime "10:03:16 PST"]
[Termination "SaraciNderim won by resignation"]

1. e4 e5 2. Nf3 Nc6 3. Bb5 a6 4. Ba4 g6 5. Nc3 Bg7 6. d4 Nxd4 7. Nxd4 exd4 8. Ne2 c5 9. c3 b5 10. Bc2 dxc3 11. Nxc3 Bb7 12. O-O Ne7 13. Bf4 O-O 14. Qd2 d5 15. exd5 Nxd5 16. Nxd5 Qxd5 17. Qxd5 Bxd5 18.
Rad1 Bxa2 19. b3 c4 20. b4 Bb3 21. Bxb3 cxb3 22. Bd6 Rfd8 0-1

[Event "*** Titled Tuesday Blitz"]
[Site "Chess.com"]
[Date "2021.02.02"]
[Round "1"]
[White "InitiatingASC"]
[Black "LiamVrolijk"]
[Result "0-1"]
[WhiteElo "2430"]
[BlackElo "2835"]
[TimeControl "180+1"]
[EndTime "10:03:17 PST"]
[Termination "LiamVrolijk won by resignation"]

1. d4 Nf6 2. c4 e6 3. Nc3 Bb4 4. e3 O-O 5. Bd3 d5 6. Ne2 dxc4 7. Bxc4 c5 8. O-O cxd4 9. exd4 Nc6 10. a3 Bd6 11.
Bd3 b6 12. Re1 Bb7 13. Bc2 Ne7 14. Qd3 Ng6 15. Bg5 Bxh2+ 16. Kh1 Bd6 17. Rad1 h6 18. Be3 Ng4 19. Kg1 Qh4 20. Kf1 Nh2+ 21. Kg1 Nf3+ 22.
Kf1 Qh1+ 23. Ng1 Nxg1 0-1

[Event "*** Titled Tuesday Blitz"]
[Site "Chess.com"]
[Date "2021.02.02"]
[Round "1"]
[White "Tuatara"]
[Black "gross-aleks"]
[Result "0-1"]
[WhiteElo "2237"]
[BlackElo "2550"]
[TimeControl "180+1"]
[EndTime "10:03:17 PST"]
[Termination "gross-aleks won by resignation"]

1. d4 Nf6 2. c4 e6 3. Nf3 Bb4+ 4. Bd2 Qe7 5. Nc3 Bxc3 6. Bxc3 Ne4 7. Qc2 f5 8. e3 b6 9. Be2 Bb7 10. O-O O-O 11.
Rac1 a5 12. b3 Nxc3 13. Qxc3 d6 14. Nd2 e5 15. d5 Nd7 16. e4 fxe4 17. Nxe4 Rf4 18.
f3 Raf8 19. g3 R4f7 20. a3 Nf6 21. Ng5 Bc8 22. Nxf7 Qxf7 23. Rf2 g5 24. Qe3 Qg7 25. Bf1 h5 26. Bg2 h4 27. f4 Ng4 28. Qd2 Nxf2 29. Qxf2 gxf4 30. gxf4 Rxf4 0-1

[Event "*** Titled Tuesday Blitz"]
[Site "Chess.com"]
[Date "2021.02.02"]
[Round "1"]
[White "Leo_C"]
[Black "alexrustemov"]
[Result "0-1"]
[WhiteElo "2402"]
[BlackElo "2771"]
[TimeControl "180+1"]
[EndTime "10:03:23 PST"]
[Termination "alexrustemov won by resignation"]

1. d4 d5 2. c4 dxc4 3. e4 Nf6 4. e5 Nd5 5. Bxc4 Nb6 6. Bd3 Nc6 7. Be3 Be6 8. Nc3 Qd7 9. Nge2 Bc4 10. Be4 e6 11. O-O O-O-O 12. b3 Ba6 13. a4 Bb4 14. Nb5 Kb8 15. Rc1 Bxb5 16. axb5 Ne7 17. Qd3 Nbd5 18. Bg5 h6 19. Bd2 Bxd2 20. Qxd2 Qxb5 21. Bd3 Qb4 22. Qa2 Qb6 23. Rc5 Nb4 24. Qb1 Nxd3 25. Qxd3 Qxc5 0-1

[Event "*** Titled Tuesday Blitz"]
[Site "Chess.com"]
[Date "2021.02.02"]
[Round "1"]
[White "zurzan"]
[Black "ErikBlomqvist"]
[Result "0-1"]
[WhiteElo "2029"]
[BlackElo "2494"]
[TimeControl "180+1"]
[EndTime "10:03:23 PST"]
[Termination "ErikBlomqvist won by resignation"]

1. f4 g6 2. Nf3 Bg7 3. g3 c6 4. Bg2 Qb6 5. c3 d5 6. d4 Nh6 7. O-O Nd7 8. h3 Nf6 9. Ne5 Nf5 10. Kh2 h5 11. h4 Ng4+ 12. Nxg4 hxg4 13. e3 Bf6 14. Qe1 Nxg3 15. Qxg3 Bxh4 16. Qxh4 Rxh4+ 17. Kg3 Rh8 18. Nd2 Bf5 19. Nb3 O-O-O 20. Bd2 Rh5 21. Be1 Rdh8 22. Bf2 Rh3+ 23. Bxh3 Rxh3+ 24. Kg2 Be4+ 0-1

[Event "*** Titled Tuesday Blitz"]
[Site "Chess.com"]
[Date "2021.02.02"]
[Round "1"]
[White "maximnovik"]
[Black "glebus008"]
[Result "1-0"]
[WhiteElo "2565"]
[BlackElo "2255"]
[TimeControl "180+1"]
[EndTime "10:03:29 PST"]
[Termination "maximnovik won by resignation"]

1. c4 c6 2. Nf3 d5 3. g3 Nf6 4. Bg2 e6 5. b3 Be7 6. O-O O-O 7. Bb2 a5 8. d4 Nbd7 9. Nfd2 b6 10. e4 Bb7 11. Nc3 Re8 12. e5 Ne4 13.
Ncxe4 dxe4 14. Nxe4 Qc7 15. Re1 c5 16. d5 exd5 17.
cxd5 Nxe5 18. d6 Bxd6 19. Qxd6 Qxd6 20. Nxd6 Bxg2 21. Kxg2 1-0

[Event "*** Titled Tuesday Blitz"]
[Site "Chess.com"]
[Date "2021.02.02"]
[Round "1"]
[White "Rud_Makarian"]
[Black "muchojogo"]
[Result "1-0"]
[WhiteElo "2897"]
[BlackElo "2459"]
[TimeControl "180+1"]
[EndTime "10:03:35 PST"]
[Termination "Rud_Makarian won by resignation"]

1. d4 Nf6 2. Nf3 e6 3. g3 d5 4. Bg2 Be7 5. O-O O-O 6. c4 c6 7.
Qc2 b6 8. Rd1 Bb7 9. b3 Nbd7 10.
Nc3 Rc8 11. e4 dxe4 12. Ng5 h6 13. Ngxe4 Nxe4 14. Nxe4 Nf6 15. Bb2 Qc7 16. c5 Nd5 17. a3 Rcd8 18. b4 bxc5 19. dxc5 e5 20. Nc3 Nxc3 21. Bxc3 Bc8 22. Qe4 Rxd1+ 23. Rxd1 Rd8 24.
Rxd8+ Qxd8 25. h4 Qd1+ 26. Kh2 Be6 27. Qxe5 Bf6 28. Qb8+ Kh7 29. Be4+ 1-0

[Event "*** Titled Tuesday Blitz"]
[Site "Chess.com"]
[Date "2021.02.02"]
[Round "1"]
[White "FearNoEvil12"]
[Black "The_Machine04"]
[Result "0-1"]
[WhiteElo "2208"]
[BlackElo "2533"]
[TimeControl "180+1"]
[EndTime "10:03:40 PST"]
[Termination "The_Machine04 won by resignation"]

1. e4 d6 2. Nc3 Nf6 3. f4 c5 4. Nf3 Nc6 5. Bc4 g6 6. f5 Bg7 7. d3 gxf5 8. O-O fxe4 9. dxe4 Be6 10. Bxe6 fxe6 11. Ng5 Qd7 12. Rxf6 exf6 13. Qh5+ Kf8 14. Be3 fxg5 15. Rf1+ Kg8 16. Bxg5 Rf8 17. Rxf8+ Kxf8 18. Qg4 Ne5 19. Qh3 h6 20. Bh4 Qf7 21. Nd5 exd5 22. Qc8+ Qe8 23. Qf5+ Kg8 24. exd5 Qg6 0-1

[Event "*** Titled Tuesday Blitz"]
[Site "Chess.com"]
[Date "2021.02.02"]
[Round "1"]
[White "manitodeplomo"]
[Black "pavelalexandru07"]
[Result "1-0"]
[WhiteElo "2646"]
[BlackElo "2342"]
[TimeControl "180+1"]
[EndTime "10:03:46 PST"]
[Termination "manitodeplomo won by resignation"]

1. Nc3 d5 2. d4 Nf6 3. Bg5 Nbd7 4. Qd3 h6 5. Bxf6 Nxf6 6. Nf3 e6 7. e4 dxe4 8. Nxe4 Nxe4 9. Qxe4 c5 10. O-O-O Qa5 11. Bc4 Be7 12. d5 f5 13. Qe2 O-O 14. d6 1-0

[Event "*** Titled Tuesday Blitz"]
[Site "Chess.com"]
[Date "2021.02.02"]
[Round "1"]
[White "YIYUKI"]
[Black "Skatchkov_V"]
[Result "1-0"]
[WhiteElo "2246"]
[BlackElo "2530"]
[TimeControl "180+1"]
[EndTime "10:03:52 PST"]
[Termination "YIYUKI won by resignation"]

1. d4 Nf6 2. c4 e6 3. Nc3 d5 4.
cxd5 Nxd5 5. e4 Nxc3 6. bxc3 c5 7. Rb1 cxd4 8. cxd4 Nc6 9. Nf3 Bb4+ 10. Bd2 Bxd2+ 11. Qxd2 O-O 12. Bc4 b6 13. O-O Bb7 14. Rfe1 Rc8 15. Rbd1 Na5 16. Bd3 Nc4 17. Qf4 Nb2 18. Rd2 Nxd3 19.
Rxd3 Qd7 20. Ne5 Qa4 21. Rg3 f6 22. Qg4 g5 23. Qxe6+ Kg7 24. Qe7+ Kh8 25. Ng6+ 1-0

[Event "*** Titled Tuesday Blitz"]
[Site "Chess.com"]
[Date "2021.02.02"]
[Round "1"]
[White "Guriempire"]
[Black "Jadeit90"]
[Result "1-0"]
[WhiteElo "2758"]
[BlackElo "2400"]
[TimeControl "180+1"]
[EndTime "10:03:54 PST"]
[Termination "Guriempire won by resignation"]

1. b3 Nf6 2. Bb2 e6 3. g3 Be7 4. Bg2 O-O 5. e3 d5 6. Ne2 c5 7. d3 Nc6 8. Nd2 b6 9. O-O Bb7 10. h3 Qc7 11. g4 h6 12. a3 Rad8 13. Qe1 e5 14. f4 Rfe8 15. Qf2 d4 16. e4 exf4 17.
Nxf4 Ne5 18. Nc4 Nxc4 19. bxc4 Bd6 20. a4 Qe7 21. Bc1 Qe5 22. Bh1 Rf8 23. Bd2 Nh7 24. Ne2 Ng5 25. Qg2 Ne6 26. Rf5 1-0

[Event "*** Titled Tuesday Blitz"]
[Site "Chess.com"]
[Date "2021.02.02"]
[Round "1"]
[White "onetowin"]
[Black "BairaKovanova"]
[Result "0-1"]
[WhiteElo "2001"]
[BlackElo "2492"]
[TimeControl "180+1"]
[EndTime "10:03:55 PST"]
[Termination "BairaKovanova won by resignation"]

1. d4 Nf6 2. Nc3 d5 3. Bf4 Bf5 4.
e3 c6 5. f3 e6 6. g4 Bg6 7. h4 h5 8. g5 Nfd7 9. Bd3 Bxd3 10. Qxd3 g6 11. Nge2 Qe7 12. O-O-O Bg7 13. e4 Na6 14. a3 O-O 15. Be3 Rac8 16. e5 c5 17. Nb5 cxd4 18. Bxd4 Nxe5 19. Bxe5 Bxe5 20.
f4 Bg7 21. Ng3 Nc5 22. Qd2 Nb3+ 0-1

[Event "*** Titled Tuesday Blitz"]
[Site "Chess.com"]
[Date "2021.02.02"]
[Round "1"]
[White "MumLookatMeNow"]
[Black "lachesisQ"]
[Result "0-1"]
[WhiteElo "2476"]
[BlackElo "3074"]
[TimeControl "180+1"]
[EndTime "10:04:02 PST"]
[Termination "lachesisQ won by resignation"]

1. e4 c6 2. d4 d5 3. e5 c5 4. dxc5 e6 5. a3 Bxc5 6. Nf3 Ne7 7. b4 Bb6 8. Bd3 Ng6 9. O-O O-O 10. Re1 a5 11.
Bb2 axb4 12. axb4 Rxa1 13. Bxa1 Nc6 14. b5 Na5 15. Nbd2 Qc7 16. Ng5 h6 17. Qh5 Nf4 18. Qh4 Nxd3 19. cxd3 hxg5 20. Qxg5 Qc2 0-1

[Event "*** Titled Tuesday Blitz"]
[Site "Chess.com"]
[Date "2021.02.02"]
[Round "1"]
[White "Kostukov_Alex"]
[Black "Legendinunknown"]
[Result "0-1"]
[WhiteElo "2278"]
[BlackElo "2585"]
[TimeControl "180+1"]
[EndTime "10:04:03 PST"]
[Termination "Legendinunknown won by resignation"]

1. g3 Nf6 2. Bg2 g6 3. c4 Bg7 4. Nf3 O-O 5. O-O d6 6. d4 Nbd7 7. Nc3 e5 8. h3 Re8 9. e4 exd4 10. Nxd4 Nc5 11. Re1 Bd7 12. Nb3 Nxb3 13. axb3 Qc8 14. Kh2 Re5 15. h4 Ng4+ 16. Kg1 f5 17. Bf4 Re8 18.
exf5 Rxe1+ 19. Qxe1 Bxf5 20. Qd2 Qd7 21. Nd5 a6 22. Ne3 Nxe3 23. Bxe3 c6 24. Rd1 Rd8 25. Bg5 Re8 26. Qxd6 Re1+ 27. Kh2 Rxd1 0-1

[Event "*** Titled Tuesday Blitz"]
[Site "Chess.com"]
[Date "2021.02.02"]
[Round "1"]
[White "Sviridov_Valery"]
[Black "woodhy"]
[Result "1-0"]
[WhiteElo "2950"]
[BlackElo "2470"]
[TimeControl "180+1"]
[EndTime "10:04:04 PST"]
[Termination "Sviridov_Valery won by resignation"]

1. d4 Nf6 2. Nf3 b6 3. g3 Bb7 4. Bg2 e6 5. O-O Be7 6. c4 O-O 7. d5 exd5 8. Nh4 c6 9. cxd5 Nxd5 10. Nf5 Re8 11. e4 Nf6 12. Nc3 d5 13. exd5 Nxd5 14. Nxd5 cxd5 15. Qg4 Bf6 16. Bf4 g6 17. Nd6 Re7 18.
Rad1 Bc6 19. Bxd5 Bxd5 20. Rxd5 Qd7 21. Qf3 Qc6 22. Rc1 Qa4 23. b3 Qxa2 24. Rc8+ Kg7 25. Ne8+ Rxe8 26. Rxe8 1-0

[Event "*** Titled Tuesday Blitz"]
[Site "Chess.com"]
[Date "2021.02.02"]
[Round "1"]
[White "Fluke180"]
[Black "BlueWizzard"]
[Result "0-1"]
[WhiteElo "2400"]
[BlackElo "2780"]
[TimeControl "180+1"]
[EndTime "10:04:06 PST"]
[Termination "BlueWizzard won by resignation"]

1. d4 a6 2. Nc3 b5 3. e4 d6 4. f4 Bb7 5. a3 Nd7 6. Nf3 c5 7. dxc5 Nxc5 8. Bd3 Nf6 9. Qe2 e6 10. O-O Qc7 11. Rd1 Be7 12. e5 Nd5 13. Nxd5 Bxd5 14. Be3 Nxd3 15. Qxd3 Rd8 16. Qe2 O-O 17. exd6 Rxd6 18.
Ne5 Rfd8 19. Qf2 Be4 20. Rxd6 Qxd6 21. Re1 Qd5 22. Bb6 Rb8 23. Bd4 Bxc2 24. Bc3 Bc5 0-1

[Event "*** Titled Tuesday Blitz"]
[Site "Chess.com"]
[Date "2021.02.02"]
[Round "1"]
[White "Ze-Pequeno"]
[Black "Squirlolz"]
[Result "1-0"]
[WhiteElo "2217"]
[BlackElo "2499"]
[TimeControl "180+1"]
[EndTime "10:04:09 PST"]
[Termination "Ze-Pequeno won by resignation"]

1. e4 c5 2. Nf3 a6 3. c3 e6 4.
d4 d5 5. e5 Bd7 6. Bd3 Bb5 7. Bc2 a5 8. Na3 Ba6 9. Ba4+ Nc6 10.
Nb5 Qb6 11. Qb3 cxd4 12. Nd6+ Bxd6 13. Qxb6 Rc8 14. exd6 dxc3 15. Ne5 cxb2 16. Bxb2 1-0

[Event "*** Titled Tuesday Blitz"]
[Site "Chess.com"]
[Date "2021.02.02"]
[Round "1"]
[White "Rogarcia1"]
[Black "Gennady_Kozlov"]
[Result "1-0"]
[WhiteElo "2242"]
[BlackElo "2511"]
[TimeControl "180+1"]
[EndTime "10:04:10 PST"]
[Termination "Rogarcia1 won by checkmate"]

1. e4 e6 2. d4 d5 3. e5 c5 4. c3 Nc6 5. Nf3 Bd7 6. Be2 Qb6 7.
O-O f6 8. exf6 Nxf6 9. dxc5 Bxc5 10. b4 Bd6 11. Bg5 O-O-O 12. Na3 h6 13. Be3 Qc7 14.
Nb5 Qb8 15. Nxd6+ Qxd6 16. b5 Ne5 17. Nxe5 Qxe5 18. Bxa7 Ne4 19. Bd4 Qg5 20. Qa4 e5 21. Bb6 Bh3 22. Qa8+ Kd7 23. Qxb7+ Ke6 24. g3 Rd7 25.
Qc6+ Rd6 26. Qc7 Bxf1 27. Rxf1 Qe7 28. Bg4+ Kf6 29. f4 Qxc7 30. fxe5+ Kxe5 31. Bd4# 1-0

[Event "*** Titled Tuesday Blitz"]
[Site "Chess.com"]
[Date "2021.02.02"]
[Round "1"]
[White "Beca95"]
[Black "Logman74"]
[Result "1-0"]
[WhiteElo "2892"]
[BlackElo "2456"]
[TimeControl "180+1"]
[EndTime "10:04:13 PST"]
[Termination "Beca95 won by checkmate"]

1. c4 Nf6 2. Nc3 g6 3. e4 d6 4. d4 Bg7 5. h3 O-O 6. Be3 e5 7. d5 a5 8. g4 Nfd7 9. Nge2 Na6 10. Ng3 Ndc5 11. h4 f5 12. gxf5 gxf5 13. Nh5 Rf7 14. Bg5 Qe8 15. Rg1 Kh8 16. Nxg7 Kxg7 17. Qh5 Nxe4 18.
Nxe4 fxe4 19. Bf6+ Kxf6 20. Qg5# 1-0

[Event "*** Titled Tuesday Blitz"]
[Site "Chess.com"]
[Date "2021.02.02"]
[Round "1"]
[White "IngOscarArdila"]
[Black "sergeikim"]
[Result "1-0"]
[WhiteElo "2232"]
[BlackElo "2522"]
[TimeControl "180+1"]
[EndTime "10:04:13 PST"]
[Termination "IngOscarArdila won by resignation"]

1. d4 Nf6 2. c4 g6 3. Nc3 Bg7 4. e4 d6 5. Nf3 O-O 6. Be2 e5 7. d5 Nh5 8. g3 a5 9. O-O Bh3 10.
Re1 h6 11. Nh4 Nf4 12. Bf3 Na6 13. Ng2 Nxg2 14. Bxg2 Qd7 15. Be3 Bxg2 16. Kxg2 f5 17. exf5 gxf5 18. Qh5 Qf7 19. Qxf7+ Rxf7 20. f4 exf4 21.
Bxf4 Bxc3 22. bxc3 Nc5 23. Bxh6 Ne4 24. Re3 b6 25.
Rf1 Nd2 26. Rf4 a4 27. g4 fxg4 28. Rxg4+ Kh8 29. Rh3 Rh7 30. Bxd2 1-0

[Event "*** Titled Tuesday Blitz"]
[Site "Chess.com"]
[Date "2021.02.02"]
[Round "1"]
[White "fish7728"]
[Black "Brave_spirit12"]
[Result "0-1"]
[WhiteElo "2136"]
[BlackElo "2513"]
[TimeControl "180+1"]
[EndTime "10:04:18 PST"]
[Termination "Brave_spirit12 won by resignation"]

1. d4 Nf6 2. c4 e6 3. Nc3 d5 4. cxd5 exd5 5. Bg5 Be7 6. e3 c6 7. Bd3 O-O 8. Qc2 h6 9. Bf4 Re8 10. Nf3 Na6 11. a3 Nc7 12. O-O Ne6 13. Be5 Bd6 14. b4 Bxe5 15. Nxe5 a5 16. Rfb1 Nd7 17. f4 Nxe5 18. fxe5 Bd7 19. b5 Rc8 20. b6 c5 21.
Nb5 cxd4 22. Qb2 Bxb5 23. Bxb5 Re7 24. exd4 Qxb6 25. Rd1 Rec7 26. a4 Rc2 27. Qb3 Nxd4 28. Qxd5 Nb3+ 29. Kh1 Nxa1 30. e6 Qxe6 0-1

[Event "*** Titled Tuesday Blitz"]
[Site "Chess.com"]
[Date "2021.02.02"]
[Round "1"]
[White "Alexandr_Kholin"]
[Black "Dedic8"]
[Result "0-1"]
[WhiteElo "2416"]
[BlackElo "2808"]
[TimeControl "180+1"]
[EndTime "10:04:19 PST"]
[Termination "Dedic8 won by resignation"]

1. d4 Nf6 2. c4 e6 3. Nc3 Bb4 4.
e3 O-O 5. Ne2 c6 6. a3 Ba5 7. b4 Bc7 8. Bb2 d5 9. Ng3 Re8 10. c5 Nbd7 11. Be2 e5 12. dxe5 Nxe5 13. O-O Neg4 14. Qc2 Qe7 15. Rad1 h5 16. Rfe1 Nxh2 17. Nxh5 Nxh5 18. Bxh5 Qh4 19. Be2 Ng4 20. Bxg4 Qh2+ 21. Kf1 Bxg4 0-1

[Event "*** Titled Tuesday Blitz"]
[Site "Chess.com"]
[Date "2021.02.02"]
[Round "1"]
[White "marcodobrikov"]
[Black "FMalexhdez"]
[Result "1-0"]
[WhiteElo "2538"]
[BlackElo "2216"]
[TimeControl "180+1"]
[EndTime "10:04:19 PST"]
[Termination "marcodobrikov won by resignation"]

1. e4 c5 2. Nf3 d6 3. d4 cxd4 4.
Nxd4 Nf6 5. Nc3 a6 6. h3 e5 7.
Nde2 h5 8. Bg5 Be7 9. Ng3 h4 10. Nf5 Bxf5 11. exf5 Nbd7 12. Bc4 b5 13. Bb3 Rc8 14. O-O b4 15. Nd5 Nxd5 16. Qxd5 O-O 17. Be3 Nc5 18. Bc4 Bg5 19. Rad1 Bxe3 20. fxe3 Qg5 21.
Rf3 Rcd8 22. f6 gxf6 23. Rdf1 Kg7 24. Kh1 Ne6 25. Rxf6 Qxf6 26. Rxf6 Kxf6 27. Bxa6 Rg8 28. Qc4 Rg3 29. Qxh4+ 1-0

[Event "*** Titled Tuesday Blitz"]
[Site "Chess.com"]
[Date "2021.02.02"]
[Round "1"]
[White "Beltraxtor"]
[Black "jorquerino"]
[Result "1-0"]
[WhiteElo "2588"]
[BlackElo "2287"]
[TimeControl "180+1"]
[EndTime "10:04:24 PST"]
[Termination "Beltraxtor won by resignation"]

1. e4 d5 2. Nc3 d4 3. Nce2 e5 4. Nf3 f6 5. Ng3 Be6 6. Bb5+ Nd7 7. d3 c6 8. Ba4 Nc5 9. Bb3 Nxb3 10. axb3 g6 11.
O-O Bg7 12. c3 c5 13. b4 b6 14. bxc5 bxc5 15. b4 dxc3 16. bxc5 Ne7 17. d4 c2 18.
Qxc2 exd4 19. Rd1 f5 20. exf5 Nxf5 21. Re1 Qd5 22. Nxf5 gxf5 23. Ra6 1-0

[Event "*** Titled Tuesday Blitz"]
[Site "Chess.com"]
[Date "2021.02.02"]
[Round "1"]
[White "gilbert_gm"]
[Black "Papullon"]
[Result "1-0"]
[WhiteElo "2514"]
[BlackElo "2140"]
[TimeControl "180+1"]
[EndTime "10:04:25 PST"]
[Termination "gilbert_gm won on time"]

1. a3 g6 2. g3 Bg7 3. Bg2 c6 4. Nf3 d5 5. O-O Bg4 6. d3 e6 7. Ne1 e5 8. h3 Be6 9. Nc3 f5 10.
e4 fxe4 11. dxe4 d4 12. Ne2 c5 13. f4 Nc6 14. f5 gxf5 15. exf5 Bd5 16. Bxd5 Qxd5 17. Nc3 Qf7 18. Ne4 b6 19. Nd6+ 1-0

[Event "*** Titled Tuesday Blitz"]
[Site "Chess.com"]
[Date "2021.02.02"]
[Round "1"]
[White "esrosenberg"]
[Black "chescomhuynya"]
[Result "0-1"]
[WhiteElo "2170"]
[BlackElo "2519"]
[TimeControl "180+1"]
[EndTime "10:04:26 PST"]
[Termination "chescomhuynya won on time"]

1. Nf3 Nf6 2. c4 c5 3. g3 Nc6 4. Bg2 g6 5. Nc3 Bg7 6. O-O O-O 7. d4 cxd4 8. Nxd4 Nxd4 9. Qxd4 d6 10.
Qd3 Qa5 11. a3 Qh5 12. Re1 Bh3 13. Bxb7 Rab8 14. Bf3 Ng4 15. Nd5 e5 16. Ne7+ Kh8 17. Qxd6 e4 18. Bxe4 Rfd8 19. Qf4 Ne5 20. Nd5 Nxc4 21.
Ne3 Ne5 22. Bg2 Bxg2 0-1

[Event "*** Titled Tuesday Blitz"]
[Site "Chess.com"]
[Date "2021.02.02"]
[Round "1"]
[White "garicradomir"]
[Black "PLAYER_2006_M"]
[Result "0-1"]
[WhiteElo "2200"]
[BlackElo "2528"]
[TimeControl "180+1"]
[EndTime "10:04:29 PST"]
[Termination "PLAYER_2006_M won by resignation"]

1. e4 e6 2. d4 d5 3. Nc3 Nf6 4. Bg5 Bb4 5. e5 h6 6. Bd2 Bxc3 7.
bxc3 Ne4 8. Qg4 g6 9. Bd3 Nxd2 10.
Kxd2 c5 11. h4 Bd7 12. Nh3 Nc6 13. Nf4 cxd4 14. Bxg6 dxc3+ 15. Kd1 Nxe5 16. Qh5 Qf6 17. Bxf7+ Nxf7 18. g3 Qd4+ 19. Kc1 Qxf2 20. a4 Qe3+ 21. Kb1 Qb6+ 0-1